 Dungeon Crawl Stone Soup version 0.23-a0-391-g8c51ad5 (webtiles) character file.

104 Cryolive the Digger (level 4, -1/24 HPs)
             Began as a Gargoyle Earth Elementalist on Oct 30, 2018.
             Slain by a gnoll
             ... wielding a +0 halberd
              (4 damage)
             ... on level 3 of the Dungeon.
             The game lasted 00:04:07 (2205 turns).

Cryolive the Digger (Gargoyle Earth Elementalist)   Turns: 2205, Time: 00:04:08

Health: -1/24      AC:  7    Str: 11    XL:     4   Next: 80%
Magic:  0/8        EV: 12    Int: 17    God:
Gold:   157        SH:  0    Dex: 10    Spells: 5/9 levels left

rFire    . . .     SeeInvis .   r - staff of energy
rCold    + . .     Gourm    .   (no shield)
rNeg     + . .     Faith    .   c - +0 robe
rPois    ∞         Spirit   .   (no helmet)
rElec    +         Reflect  .   j - +0 cloak
rCorr    .         Harm     .   (no gloves)
MR       .....                  i - +0 pair of boots
Stlth    ++........             (no amulet)
HPRegen  0.08/turn              s - ring of protection from cold
MPRegen  0.11/turn              (no ring)

@: no status effects
A: negative energy resistance 1, electricity resistance, unbreathing,
petrification resistance, rot immunity, AC +3
a: no special abilities


You were on level 3 of the Dungeon.
You were hungry.

You visited 1 branch of the dungeon, and saw 3 of its levels.

You collected 157 gold pieces.

Inventory:

Hand Weapons
 e - a +0 short sword
Missiles
 b - 20 stones (quivered)
Armour
 c - a +0 robe (worn)
 i - a +0 pair of boots (worn)
 j - a +0 cloak (worn)
Magical Staves
 r - an uncursed staff of energy (weapon)
Jewellery
 s - a ring of protection from cold (left hand)
Scrolls
 a - a scroll of teleportation {unknown}
 f - a scroll of amnesia {unknown}
 g - 2 scrolls of remove curse {unknown}
 k - 2 scrolls of identify {unknown}
 o - a scroll of enchant weapon {unknown}
Potions
 h - 2 potions of resistance {unknown}
 l - 2 potions of might {unknown}
 m - a potion of flight {unknown}
 n - a potion of heal wounds {unknown}
 p - a potion of curing {unknown}
 q - 2 potions of brilliance {unknown}
Comestibles
 d - 6 rations


   Skills:
 + Level 0.3 Staves
 - Level 1.5 Dodging
 - Level 2.1 Stealth
 + Level 3.1 Spellcasting
 + Level 1.7 Conjurations
   Level 0.7 Transmutations
 + Level 4.9 Earth Magic


You had 5 spell levels left.
You knew the following spells:

 Your Spells              Type           Power        Failure   Level  Hunger
a - Sandblast             Erth           ###...       2%          1    None
b - Stone Arrow           Conj/Erth      ##....       13%         3    None

Your spell library contained the following spells:

 Spells                   Type           Power        Failure   Level  Hunger
 Passwall                 Tmut/Erth      ##......     9%          2    None
 Petrify                  Tmut/Erth      ##......     47%         4    None
 Lee's Rapid Deconstruct  Erth           ###.......   52%         5    None


Dungeon Overview and Level Annotations

Branches:
Dungeon (3/15)

Altars:
Ashenzari
Gozag


Innate Abilities, Weirdness & Mutations

You are resistant to torment.
Your stone body is resilient. (AC +3)
You are immune to poison.
You resist negative energy. (rN+)
You are resistant to electric shocks. (rElec)
You can survive without breathing.
You are immune to petrification.
You are immune to rotting.


Message History

b - 22 stones
Casting: Sandblast (safe; 2% risk of failure)
Confirm with . or Enter, or press ? or * to list all spells.
Aiming: Sandblast (safe; 2% risk of failure)
Press: ? - help, Shift-Dir - straight line, f/p - gnoll
Aim: a gnoll, wielding a +3 flail of protection (heavily wounded)
The blast of sand hits the gnoll.
The gnoll is heavily wounded.
b - 21 stones The gnoll barely misses you.
The gnoll misses you.
Casting: Sandblast (safe; 2% risk of failure)
Confirm with . or Enter, or press ? or * to list all spells.
Aiming: Sandblast (safe; 2% risk of failure)
Press: ? - help, Shift-Dir - straight line, f/p - gnoll
Aim: a gnoll, wielding a +3 flail of protection (heavily wounded)
The blast of sand hits the gnoll.
The gnoll is almost dead.
b - 20 stones The gnoll hits you from afar with a +0 halberd.
You die...

... ... ....
########### .....
.......g.@###.....
........g†(.......
..................
........)........#
.................#
.................#
.................#
.................#
................#


You could see 2 gnolls.

Vanquished Creatures
  A gnoll (D:3)
  4 adders
  A worm (D:2)
  3 dart slugs
  A leopard gecko (D:1)
  4 giant cockroaches
  7 hobgoblins
  A quokka (D:2)
  9 bats
  2 frilled lizards
  9 goblins
  3 kobolds
  A rat (D:2)
46 creatures vanquished.

Notes
Turn   | Place    | Note
-------+----------+-------------------------------------------
     0 | D:1      | Cryolive the Gargoyle Earth Elementalist began the quest
                  | for the Orb.
     0 | D:1      | Reached XP level 1. HP: 10/10 MP: 3/3
   367 | D:1      | Reached XP level 2. HP: 13/15 MP: 5/5
   478 | D:1      | Reached skill level 4 in Earth Magic
  1118 | D:1      | Reached XP level 3. HP: 19/19 MP: 6/6
  1123 | D:1      | Learned a level 3 spell: Stone Arrow
  1314 | D:2      | Found an opulent altar of Gozag.
  1386 | D:2      | Found a faded altar of an unknown god.
  1393 | D:2      | Reached skill level 1 in Conjurations
  1660 | D:2      | Reached XP level 4. HP: 20/24 MP: 8/8
  1800 | D:2      | Found a shattered altar of Ashenzari.
  2205 | D:3      | Slain by a gnoll

Vault maps used:
D:1:      psy_arrival_dodecagon
D:2:      grunt_gozag_statues, old_standard_altar,
          chequers_ecumenical_altar_island
D:3:      cheibrodos_old_hovel, glass_columns_b

Skill      XL: |  1  2  3 |
---------------+----------+-----
Earth Magic    | 4 |  4.9
Conjurations   | 1 |  1.7
Spellcasting   | 3 |  3.1
Staves         | |  0.3
Dodging        | |  1.5
Stealth        | |  2.1
Transmutations | |  0.7

Action                   |  1- 3 |  4- 6 || total
-------------------------+-------+-------++-------
Melee: Short sword       |   138 |    59 ||   197
       Staff             |       |    11 ||    11
 Cast: Sandblast         |    21 |     9 ||    30
 Stab: Sleeping          |     3 |       ||     3
  Eat: Chunk             |     2 |     2 ||     4
Armor: Robe              |    78 |    41 ||   119
Dodge: Dodged            |   130 |    75 ||   205

Table legend:
 A = Non-vault XP
 B = Vault XP
 C = Vault XP percentage of total XP
 D = Non-vault monster count
 E = Vault monster count
 F = Vault count percentage of total count
                 A         B        C        D         E       F
            +---------+---------+-------+---------+---------+-------
      Total |     149 |       0 |   0.0 |      46 |       0 |   0.0
            +---------+---------+-------+---------+---------+-------
        D:1 |      39 |       0 |   0.0 |      20 |       0 |   0.0
        D:2 |      83 |       0 |   0.0 |      24 |       0 |   0.0
        D:3 |      27 |       0 |   0.0 |       2 |       0 |   0.0
            +---------+---------+-------+---------+---------+-------
